WCHLSIM.com - West Coast Hockey League
html PUBLIC "-//W3C//DTD XHTML 1.0 Transitional//EN" "http://www.w3.org/TR/xhtml1/DTD/xhtml1-transitional.dtd"> WCHL - Game 452 - NORTH DAKOTA HAWKS vs VICTORIA GLADIATORS

NORTH DAKOTA HAWKS vs VICTORIA GLADIATORS

Created - 10 décembre 2019 at 18:37

Goals
1 2 3 T
NORTH DAKOTA HAWKS 1 3 1 5
VICTORIA GLADIATORS 0 2 1 3
Shots
1 2 3 T
NORTH DAKOTA HAWKS 4 11 8 23
VICTORIA GLADIATORS 7 12 11 30

1st period

1. NORTH DAKOTA HAWKS , Phil Varone 1 (Johnny Boychuk 7) at 15:47

Penalties :
Zach Trotman (VIC) for Cross-checking (Minor) at 3:20, Dougie Hamilton (NDH) for Checking from behind (Minor) at 11:23

2nd period

2. NORTH DAKOTA HAWKS , Matthew Nieto 3 (Lukas Radil 3, Nic Dowd 3) at 0:42 (PP)
3. NORTH DAKOTA HAWKS , Ryan Carpenter 3 (Michael Raffl 6, Derek Grant 7) at 9:49
4. VICTORIA GLADIATORS , Lars Eller 6 (Nick Foligno 9, Torey Krug 11) at 18:04
5. NORTH DAKOTA HAWKS , Lukas Radil 4 (Matthew Nieto 8) at 18:10
6. VICTORIA GLADIATORS , Alex Iafallo 7 (Mikkel Boedker 11, Carl Soderberg 15) at 18:41

Penalties :
Patrick Maroon (VIC) for Interference (Minor) at 0:15, Zack Smith (VIC) for Roughing (Minor) at 19:10

3rd period

7. VICTORIA GLADIATORS , Carl Soderberg 12 (Mikkel Boedker 12) at 6:29
8. NORTH DAKOTA HAWKS , Nic Dowd 4 (Ryan Carpenter 3) at 16:49

Penalties :
Brenden Dillon (NDH) for Hooking (Minor) at 13:59, Matt Bartkowski (VIC) for Tripping (Minor) at 17:39

Goalie Stats

Eric Comrie (NDH), 27 saves from 30 shots - (0,900), W, 2-16-1, 60:00 minutes
Jack Campbell (VIC), 7 saves from 8 shots - (0,875), 21:50 minutes
Ukko-Pekka Luukkonen (VIC), 11 saves from 15 shots - (0,733), L, 0-1-0, 38:10 minutes

Players Stats for NORTH DAKOTA HAWKS

Player Name              G  A  P  +/- PIM S  H  SB GA TA FO     MP     PP MP  PK MP  
------------------------------------------------------------------------------------
Alexandre Fortin         0  0  0  -1  0   1  0  0  0  0  0/0    17:47   0:14   0:01 
Brendan Gallagher        0  0  0   0  0   0  0  0  0  0  0/0     0:36   0:00   0:00 
Brenden Dillon           0  0  0   1  2   1  2  1  0  0  0/0    18:42   2:27   1:18 
Corey Perry              0  0  0  -1  0   4  0  0  0  0  0/1    20:35   3:27   0:34 
Derek Grant              0  1  1   0  0   0  1  0  0  0  6/16   15:09   0:00   2:47 
Dougie Hamilton          0  0  0   0  2   2  0  1  0  0  0/0    22:21   3:43   0:59 
Johnny Boychuk           0  1  1   2  0   1  1  2  0  0  0/0    23:20   4:21   0:34 
Logan Brown              0  0  0  -1  0   0  3  0  0  0  10/18  20:38   3:27   0:00 
Lukas Radil              1  1  2   2  0   2  0  0  0  0  0/1    17:19   2:57   0:50 
Marc Methot              0  0  0  -1  0   0  1  1  0  0  0/0    16:44   0:14   1:13 
Marc Staal               0  0  0   1  0   2  0  2  0  0  0/0    16:53   1:16   0:34 
Martin Marincin          0  0  0  -1  0   0  1  0  0  0  0/0    16:23   0:00   0:27 
Matthew Nieto            1  1  2   2  0   4  0  1  0  0  2/13   22:48   2:43   1:23 
Michael Raffl            0  1  1   0  0   0  0  0  0  0  1/4    17:54   3:27   1:44 
Nic Dowd                 1  1  2   0  0   2  3  0  0  0  7/15   10:44   2:57   0:37 
Phil Varone              1  0  1   2  0   1  0  0  0  0  0/1    13:00   0:00   0:00 
Quinton Hughes           0  0  0   0  0   0  0  0  0  0  0/0     6:11   0:47   2:51 
Ryan Carpenter           1  1  2   0  0   3  0  0  0  0  1/1    18:56   0:00   0:00 

Players Stats for VICTORIA GLADIATORS

Player Name              G  A  P  +/- PIM S  H  SB GA TA FO     MP     PP MP  PK MP  
------------------------------------------------------------------------------------
Alex Iafallo             1  0  1   0  0   4  1  1  0  0  0/0    23:12   2:02   4:10 
Carl Soderberg           1  1  2   0  0   3  1  1  0  0  9/17   17:46   2:02   0:00 
Colin Wilson             0  0  0   0  0   2  0  0  0  0  0/0    12:24   0:00   0:00 
Dion Phaneuf             0  0  0   0  0   0  7  0  0  0  0/0    19:58   1:51   2:27 
Frans Nielsen            0  0  0  -1  0   3  0  1  0  0  16/23  17:56   0:00   4:10 
Jason Spezza             0  0  0   0  0   1  0  0  0  0  4/7     7:44   0:00   0:00 
Lars Eller               1  0  1   0  0   4  1  1  0  0  10/14  16:00   1:22   2:14 
Marcus Foligno           0  0  0   0  0   2  1  0  0  0  0/0     7:44   0:00   0:00 
Matt Bartkowski          0  0  0  -1  2   0  1  1  0  0  0/0    21:45   1:56   2:34 
Mikkel Boedker           0  2  2   0  0   1  1  0  0  0  1/1    17:46   2:02   0:00 
Nick Foligno             0  1  1   0  0   4  3  0  0  0  0/3    12:24   0:00   0:00 
Patrick Maroon           0  0  0  -1  2   0  2  0  0  0  2/2    17:55   1:56   2:14 
Riley Sheahan            0  0  0   0  0   0  0  0  0  0  0/0     8:18   0:34   0:00 
Ryan Stanton             0  0  0   0  0   0  1  1  0  0  0/0    17:35   0:34   2:33 
T.J. Brennan             0  0  0   0  0   0  0  0  0  0  0/0    17:31   0:11   2:39 
Torey Krug               0  1  1   0  0   1  0  1  0  0  0/0    19:45   1:51   0:00 
Zach Trotman             0  0  0  -1  2   0  0  1  0  0  0/0    22:08   1:33   2:35 
Zack Smith               0  0  0  -1  2   5  2  1  0  0  1/3    15:41   1:56   0:00 

3 Stars

1 - Matthew Nieto (NDH)
2 - Lukas Radil (NDH)
3 - Nic Dowd (NDH)

Power Play

NORTH DAKOTA HAWKS - 1 on 4 Attempt(s) - 25,00%
VICTORIA GLADIATORS - 0 on 2 Attempt(s) - 0,00%

Penalty Kill

NORTH DAKOTA HAWKS - 2 on 2 Attempt(s) - 100,00% - Score 0 goal in Penalty Kill
VICTORIA GLADIATORS - 3 on 4 Attempt(s) - 75,00% - Score 0 goal in Penalty Kill

Team Stat

NORTH DAKOTA HAWKS - Hits : 12 - Faceoff Wins : 27 - Blocked Shots : 8 - Penalty Minutes : 4
VICTORIA GLADIATORS - Hits : 21 - Faceoff Wins : 43 - Blocked Shots : 9 - Penalty Minutes : 8

Official

Referees : Cameron Voss and Kyle Rehman
Linesman : Al Stensland and Fraser McIntyre

Game Notes

Jack Campbell enters game at 18:10 of 2nd period
Marc Staal is injured at 8:24 of 3rd period (Lower Body)

Finance

Level 1 -- Attendance: 6300 (100,00%) -- Ticket Income 724 500 $
Level 2 -- Attendance: 5300 (100,00%) -- Ticket Income 371 000 $
Level 3 -- Attendance: 2200 (100,00%) -- Ticket Income 110 000 $
Level 4 -- Attendance: 4200 (100,00%) -- Ticket Income 126 000 $
Luxury Box -- Attendance: 1000 (100,00%) -- Ticket Income 240 000 $
Game was played at the Verizon Center.
Total Attendance: 19000 (100,00%)
Total Ticket Income: 1 571 500 $
Other Income: 471 450 $
Total Income: 2 042 950 $

NORTH DAKOTA HAWKS

5 vs 5 Forward 
   Center                   Left Wing                Right Wing               Time % Phy DF OF 
 1 Nic Dowd                 Matthew Nieto            Ryan Carpenter           30     1   2  2  
 2 Logan Brown              Alexandre Fortin         Corey Perry              27     1   2  2  
 3 Derek Grant              Michael Raffl            Ryan Carpenter           22     1   2  2  
 4 Matthew Nieto            Phil Varone              Lukas Radil              21     0   4  1  

5 vs 5 Defense 
   Defense                  Defense                                           Time % Phy DF OF 
 1 Marc Staal               Dougie Hamilton                                   36     1   2  2  
 2 Brenden Dillon           Johnny Boychuk                                    33     1   2  2  
 3 Marc Methot              Martin Marincin                                   20     1   2  2  
 4 Marc Staal               Johnny Boychuk                                    11     1   2  2  

PowerPlay Forward 
   Center                   Left Wing                Right Wing               Time % Phy DF OF 
 1 Nic Dowd                 Matthew Nieto            Lukas Radil              65     1   2  2  
 2 Logan Brown              Michael Raffl            Corey Perry              35     1   2  2  

PowerPlay Defense
   Defense                  Defense                                           Time % Phy DF OF 
 1 Dougie Hamilton          Johnny Boychuk                                    65     1   2  2  
 2 Brenden Dillon           Marc Staal                                        35     1   2  2  

Penalty Kill 4 Players Forward 
   Center                   Wing                     Time % Phy DF OF 
 1 Corey Perry              Michael Raffl            55     1   2  2  
 2 Derek Grant              Lukas Radil              45     1   2  2  

Penalty Kill 4 Players Defense
   Defense                  Defense                  Time % Phy DF OF 
 1 Marc Staal               Dougie Hamilton          55     1   2  2  
 2 Brenden Dillon           Johnny Boychuk           45     1   2  2  

Penalty Kill - 3 Players Forward 
   Forward                                           Time % Phy DF OF 
 1 Nic Dowd                                          55     1   2  2  
 2 Derek Grant                                       45     1   2  2  

Penalty Kill - 3 Players Defense
   Defense                  Defense                  Time % Phy DF OF 
 1 Marc Staal               Dougie Hamilton          55     1   2  2  
 2 Brenden Dillon           Johnny Boychuk           45     1   2  2  

4 vs 4 Forward 
   Center                   Wing                     Time % Phy DF OF 
 1 Nic Dowd                 Matthew Nieto            55     1   2  2  
 2 Logan Brown              Corey Perry              45     1   2  2  

4 vs 4 Defense
   Defense                  Defense                  Time % Phy DF OF 
 1 Marc Staal               Dougie Hamilton          55     1   2  2  
 2 Brenden Dillon           Johnny Boychuk           45     1   2  2  

Last Minutes Offensive
   Center                   Left Wing                Right Wing               Defense                  Defense                  
   Nic Dowd                 Alexandre Fortin         Corey Perry              Marc Methot              Dougie Hamilton          

Last Minutes Defensive
   Center                   Left Wing                Right Wing               Defense                  Defense                  
   Ryan Carpenter           Matthew Nieto            Corey Perry              Marc Staal               Dougie Hamilton          

Goaltenders
Starting : Eric Comrie              
Backup : Michael Dipietro         

Extra Forwards
Normal : Michael Raffl, Matthew Nieto, Lukas Radil - PP : Michael Raffl, Lukas Radil - PK : Nic Dowd
Extra Defensemen
Normal : Johnny Boychuk, Dougie Hamilton, Marc Staal - PP : Johnny Boychuk - PK : Johnny Boychuk, Dougie Hamilton
Penalty Shots
Ryan Carpenter, Matthew Nieto, Corey Perry, Michael Raffl, Nic Dowd
Custom OT Lines Forwards
Phil Varone, Matthew Nieto, Nic Dowd, Michael Raffl, Derek Grant, Lukas Radil, Corey Perry, Alexandre Fortin, Logan Brown, Ryan Carpenter
Custom OT Lines Defensemen
Dougie Hamilton, Marc Methot, Brenden Dillon, Johnny Boychuk, Marc Staal

Scratches
Dominik Masin (Healthy), Jack Dougherty (Healthy), Brandon Sutter (Broken Bone (Left Foot) Injury), Brendan Leipsic (Sore Right Knee Injury), Jalen Smereck (Healthy)
Jordan Murray (Healthy), Josh Brown (Healthy), Kenny Agostino (Sprained Right Finger Injury), Phillip DiGiuseppe (Healthy), Tim Clifton (Healthy)
Zack Kassian (Strained Back Injury), Scott Darling (Healthy), Scott Wedgewood (Healthy)

VICTORIA GLADIATORS

5 vs 5 Forward 
   Center                   Left Wing                Right Wing               Time % Phy DF OF 
 1 Carl Soderberg           Alex Iafallo             Mikkel Boedker           36     1   2  2  
 2 Frans Nielsen            Zack Smith               Patrick Maroon           31     1   2  2  
 3 Lars Eller               Colin Wilson             Nick Foligno             23     1   2  2  
 4 Jason Spezza             Marcus Foligno           Riley Sheahan            10     1   2  2  

5 vs 5 Defense 
   Defense                  Defense                                           Time % Phy DF OF 
 1 Torey Krug               Dion Phaneuf                                      36     1   2  2  
 2 Zach Trotman             Matt Bartkowski                                   31     1   2  2  
 3 Ryan Stanton             T.J. Brennan                                      23     1   2  2  
 4 Zach Trotman             Matt Bartkowski                                   10     1   2  2  

PowerPlay Forward 
   Center                   Left Wing                Right Wing               Time % Phy DF OF 
 1 Carl Soderberg           Alex Iafallo             Mikkel Boedker           52     1   2  2  
 2 Lars Eller               Zack Smith               Patrick Maroon           48     1   2  2  

PowerPlay Defense
   Defense                  Defense                                           Time % Phy DF OF 
 1 Torey Krug               Dion Phaneuf                                      52     1   2  2  
 2 Zach Trotman             Matt Bartkowski                                   48     1   2  2  

Penalty Kill 4 Players Forward 
   Center                   Wing                     Time % Phy DF OF 
 1 Frans Nielsen            Alex Iafallo             52     1   2  2  
 2 Lars Eller               Patrick Maroon           48     1   2  2  

Penalty Kill 4 Players Defense
   Defense                  Defense                  Time % Phy DF OF 
 1 Ryan Stanton             T.J. Brennan             52     1   2  2  
 2 Zach Trotman             Matt Bartkowski          48     1   2  2  

Penalty Kill - 3 Players Forward 
   Forward                                           Time % Phy DF OF 
 1 Alex Iafallo                                      52     1   2  2  
 2 Jason Spezza                                      48     1   2  2  

Penalty Kill - 3 Players Defense
   Defense                  Defense                  Time % Phy DF OF 
 1 Zach Trotman             Matt Bartkowski          52     1   2  2  
 2 Torey Krug               Dion Phaneuf             48     1   2  2  

4 vs 4 Forward 
   Center                   Wing                     Time % Phy DF OF 
 1 Jason Spezza             Zack Smith               52     1   2  2  
 2 Riley Sheahan            Mikkel Boedker           48     1   2  2  

4 vs 4 Defense
   Defense                  Defense                  Time % Phy DF OF 
 1 Ryan Stanton             T.J. Brennan             52     1   2  2  
 2 Zach Trotman             Matt Bartkowski          48     1   2  2  

Last Minutes Offensive
   Center                   Left Wing                Right Wing               Defense                  Defense                  
   Carl Soderberg           Nick Foligno             Marcus Foligno           Ryan Stanton             T.J. Brennan             

Last Minutes Defensive
   Center                   Left Wing                Right Wing               Defense                  Defense                  
   Lars Eller               Zack Smith               Mikkel Boedker           Dion Phaneuf             Zach Trotman             

Goaltenders
Starting : Ukko-Pekka Luukkonen     
Backup : Jack Campbell            

Extra Forwards
Normal : Patrick Maroon, Riley Sheahan, Marcus Foligno - PP : Patrick Maroon, Riley Sheahan - PK : Marcus Foligno
Extra Defensemen
Normal : Ryan Stanton, T.J. Brennan, Zach Trotman - PP : Ryan Stanton - PK : T.J. Brennan, Zach Trotman
Penalty Shots
Carl Soderberg, Lars Eller, Nick Foligno, Frans Nielsen, Zack Smith
Custom OT Lines Forwards
Carl Soderberg, Lars Eller, Nick Foligno, Frans Nielsen, Zack Smith, Jason Spezza, Alex Iafallo, Mikkel Boedker, Colin Wilson, Patrick Maroon
Custom OT Lines Defensemen
Ryan Stanton, Dion Phaneuf, Zach Trotman, Matt Bartkowski, Torey Krug

Scratches
Michael Downing (Healthy), Jonathan Ericsson (Left Eye Injury), Matt Moulson (Healthy), Aaron Dell (Sore Right Knee Injury)

% Time on Ice - NORTH DAKOTA HAWKS

Lines # - Real PCT - Wanted PCT - Time Play
Normal Forward
1 - 14% - 30% - 7:10
2 - 35% - 27% - 17:11
3 - 25% - 22% - 12:22
4 - 26% - 21% - 12:55
Normal Defense
1 - 36% - 36% - 17:40
2 - 30% - 33% - 14:46
3 - 31% - 20% - 15:17
4 - 4% - 11% - 1:55
PP Forward
1 - 46% - 65% - 2:57
2 - 54% - 35% - 3:27
PP Defense
1 - 58% - 65% - 3:43
2 - 42% - 35% - 2:41
PK Forward
1 - 79% - 55% - 3:08
2 - 21% - 45% - 0:50
PK Defense
1 - 100% - 55% - 3:58
2 - 0% - 45% - 0:00
PK3 Forward
1 - 0% - 55%
2 - 0% - 45%
PK3 Defense
1 - 0% - 55%
2 - 0% - 45%
44 Forward
1 - 0% - 55%
2 - 0% - 45%
44 Defense
1 - 0% - 55%
2 - 0% - 45%
Last Minute Offensive  - 0:00
Last Minute Defensive  - 0:00
Total
Forward - 60:00
Defense - 60:00

% Time on Ice - VICTORIA GLADIATORS

Lines # - Real PCT - Wanted PCT - Time Play
Normal Forward
1 - 32% - 36% - 15:44
2 - 28% - 31% - 13:46
3 - 25% - 23% - 12:24
4 - 16% - 10% - 7:44
Normal Defense
1 - 36% - 36% - 17:54
2 - 30% - 31% - 14:54
3 - 28% - 23% - 13:43
4 - 6% - 10% - 3:07
PP Forward
1 - 51% - 52% - 2:02
2 - 49% - 48% - 1:56
PP Defense
1 - 47% - 52% - 1:51
2 - 53% - 48% - 2:07
PK Forward
1 - 65% - 52% - 4:10
2 - 35% - 48% - 2:14
PK Defense
1 - 40% - 52% - 2:33
2 - 60% - 48% - 3:51
PK3 Forward
1 - 0% - 52%
2 - 0% - 48%
PK3 Defense
1 - 0% - 52%
2 - 0% - 48%
44 Forward
1 - 0% - 52%
2 - 0% - 48%
44 Defense
1 - 0% - 52%
2 - 0% - 48%
Last Minute Offensive  - 0:00
Last Minute Defensive  - 0:00
Total
Forward - 60:00
Defense - 60:00

Play-by-Play

1st period


0:01 of 1st period - Nic Dowd wins face-off versus Carl Soderberg in neutral zone.
0:49 of 1st period - Matthew Nieto is hit by Dion Phaneuf and loses puck.
2:14 of 1st period - Lukas Radil is hit by Zack Smith and loses puck.
2:38 of 1st period - Icing by Lars Eller.
2:39 of 1st period - Lars Eller wins face-off versus Derek Grant in VICTORIA GLADIATORS zone.
2:51 of 1st period - Icing by Lars Eller.
2:52 of 1st period - Michael Raffl wins face-off versus Lars Eller in VICTORIA GLADIATORS zone.
3:11 of 1st period - Shot by Lars Eller.
3:11 of 1st period - Stopped by Eric Comrie without a rebound.
3:12 of 1st period - Jason Spezza wins face-off versus Matthew Nieto in NORTH DAKOTA HAWKS zone.
3:15 of 1st period - Shot by Marcus Foligno.
3:15 of 1st period - Stopped by Eric Comrie with a rebound.
3:20 of 1st period - Minor Penalty to Zach Trotman for Cross-checking.
3:21 of 1st period - Nic Dowd wins face-off versus Frans Nielsen in VICTORIA GLADIATORS zone.
4:34 of 1st period - Shot by Brenden Dillon.
4:34 of 1st period - Stopped by Ukko-Pekka Luukkonen with a rebound.
4:36 of 1st period - Shot by Marc Staal.
4:36 of 1st period - Stopped by Ukko-Pekka Luukkonen without a rebound.
4:37 of 1st period - Patrick Maroon wins face-off versus Nic Dowd in VICTORIA GLADIATORS zone.
5:00 of 1st period - Shot by Dougie Hamilton.
5:00 of 1st period - Shot Misses the Net.
5:02 of 1st period - Shot by Dougie Hamilton.
5:02 of 1st period - Shot Blocked by Lars Eller.
6:12 of 1st period - Shot by Mikkel Boedker.
6:12 of 1st period - Shot Misses the Net.
8:06 of 1st period - Shot by Lars Eller.
8:06 of 1st period - Shot Blocked by Brenden Dillon.
8:14 of 1st period - Shot by Colin Wilson.
8:14 of 1st period - Stopped by Eric Comrie without a rebound.
8:15 of 1st period - Jason Spezza wins face-off versus Derek Grant in NORTH DAKOTA HAWKS zone.
8:25 of 1st period - Jason Spezza is hit by Martin Marincin and loses puck.
9:18 of 1st period - Shot by Frans Nielsen.
9:18 of 1st period - Shot Hit the Post.
9:20 of 1st period - Shot by Patrick Maroon.
9:20 of 1st period - Deflect By Frans Nielsen.
9:20 of 1st period - Shot Misses the Net.
9:22 of 1st period - Shot by Frans Nielsen.
9:22 of 1st period - Shot Misses the Net.
10:05 of 1st period - Shot by Alexandre Fortin.
10:05 of 1st period - Shot Misses the Net.
10:07 of 1st period - Shot by Dougie Hamilton.
10:07 of 1st period - Shot Misses the Net.
10:09 of 1st period - Shot by Alexandre Fortin.
10:09 of 1st period - Shot Misses the Net.
10:11 of 1st period - Shot by Alexandre Fortin.
10:11 of 1st period - Shot Misses the Net.
11:15 of 1st period - Shot by Alexandre Fortin.
11:15 of 1st period - Shot Misses the Net.
11:21 of 1st period - Marc Staal is hit by Nick Foligno and loses puck.
11:23 of 1st period - Minor Penalty to Dougie Hamilton for Checking from behind.
11:24 of 1st period - Lars Eller wins face-off versus Derek Grant in NORTH DAKOTA HAWKS zone.
11:47 of 1st period - Shot by Zack Smith.
11:47 of 1st period - Shot Misses the Net.
11:49 of 1st period - Shot by Patrick Maroon.
11:49 of 1st period - Shot Blocked by Matthew Nieto.
12:55 of 1st period - Shot by Zack Smith.
12:55 of 1st period - Shot Misses the Net.
13:37 of 1st period - Shot by Marcus Foligno.
13:37 of 1st period - Shot Hit the Post.
14:04 of 1st period - Icing by Jason Spezza.
14:05 of 1st period - Jason Spezza wins face-off versus Nic Dowd in VICTORIA GLADIATORS zone.
14:10 of 1st period - Marc Staal is hit by Marcus Foligno.
15:15 of 1st period - Corey Perry is hit by Lars Eller and loses puck.
15:21 of 1st period - Colin Wilson is hit by Marc Methot.
15:47 of 1st period - Shot by Phil Varone.
15:47 of 1st period - Goal by Phil Varone - NORTH DAKOTA HAWKS : 1 - VICTORIA GLADIATORS : 0.
15:48 of 1st period - Frans Nielsen wins face-off versus Matthew Nieto in neutral zone.
15:51 of 1st period - Shot by Frans Nielsen.
15:51 of 1st period - Stopped by Eric Comrie without a rebound.
15:52 of 1st period - Frans Nielsen wins face-off versus Nic Dowd in NORTH DAKOTA HAWKS zone.
16:03 of 1st period - Shot by Frans Nielsen.
16:03 of 1st period - Stopped by Eric Comrie without a rebound.
16:04 of 1st period - Lars Eller wins face-off versus Derek Grant in NORTH DAKOTA HAWKS zone.
17:24 of 1st period - Marc Staal is hit by Patrick Maroon and loses puck.
17:41 of 1st period - Shot by Alex Iafallo.
17:41 of 1st period - Stopped by Eric Comrie with a rebound.
18:05 of 1st period - Shot by Carl Soderberg.
18:05 of 1st period - Stopped by Eric Comrie without a rebound.
18:06 of 1st period - Logan Brown wins face-off versus Jason Spezza in NORTH DAKOTA HAWKS zone.
18:23 of 1st period - Shot by Corey Perry.
18:23 of 1st period - Shot Misses the Net.
18:25 of 1st period - Shot by Corey Perry.
18:25 of 1st period - Stopped by Ukko-Pekka Luukkonen without a rebound.
18:26 of 1st period - Lars Eller wins face-off versus Derek Grant in VICTORIA GLADIATORS zone.
19:28 of 1st period - Corey Perry is hit by Mikkel Boedker and loses puck.
19:57 of 1st period - Shot by Mikkel Boedker.
19:57 of 1st period - Shot Misses the Net.
Goals for this period are 1 for NORTH DAKOTA HAWKS vs 0 for VICTORIA GLADIATORS.
Shots for this period are 4 for NORTH DAKOTA HAWKS vs 7 for VICTORIA GLADIATORS.

2nd period


0:01 of 2nd period - Frans Nielsen wins face-off versus Nic Dowd in neutral zone.
0:15 of 2nd period - Minor Penalty to Patrick Maroon for Interference.
0:16 of 2nd period - Logan Brown wins face-off versus Frans Nielsen in VICTORIA GLADIATORS zone.
0:23 of 2nd period - Shot by Dougie Hamilton.
0:23 of 2nd period - Shot Blocked by Ryan Stanton.
0:25 of 2nd period - Shot by Dougie Hamilton.
0:25 of 2nd period - Stopped by Ukko-Pekka Luukkonen without a rebound.
0:26 of 2nd period - Frans Nielsen wins face-off versus Nic Dowd in VICTORIA GLADIATORS zone.
0:26 of 2nd period - Frans Nielsen is hit by Nic Dowd.
0:42 of 2nd period - Shot by Matthew Nieto.
0:42 of 2nd period - Goal by Matthew Nieto - NORTH DAKOTA HAWKS : 2 - VICTORIA GLADIATORS : 0.
0:43 of 2nd period - Derek Grant wins face-off versus Nick Foligno in neutral zone.
1:12 of 2nd period - Icing by Marc Methot.
1:13 of 2nd period - Carl Soderberg wins face-off versus Michael Raffl in NORTH DAKOTA HAWKS zone.
1:46 of 2nd period - Shot by Matthew Nieto.
1:46 of 2nd period - Stopped by Ukko-Pekka Luukkonen without a rebound.
1:47 of 2nd period - Logan Brown wins face-off versus Frans Nielsen in VICTORIA GLADIATORS zone.
1:47 of 2nd period - Corey Perry is hit by Dion Phaneuf.
1:52 of 2nd period - Alexandre Fortin is hit by Dion Phaneuf and loses puck.
1:55 of 2nd period - Shot by Alexandre Fortin.
1:55 of 2nd period - Shot Misses the Net.
1:57 of 2nd period - Shot by Corey Perry.
1:57 of 2nd period - Shot Misses the Net.
1:59 of 2nd period - Shot by Corey Perry.
1:59 of 2nd period - Stopped by Ukko-Pekka Luukkonen without a rebound.
2:00 of 2nd period - Lars Eller wins face-off versus Matthew Nieto in VICTORIA GLADIATORS zone.
2:11 of 2nd period - Shot by Lukas Radil.
2:11 of 2nd period - Shot Misses the Net.
2:13 of 2nd period - Shot by Marc Staal.
2:13 of 2nd period - Stopped by Ukko-Pekka Luukkonen without a rebound.
2:14 of 2nd period - Logan Brown wins face-off versus Frans Nielsen in VICTORIA GLADIATORS zone.
2:38 of 2nd period - Shot by Corey Perry.
2:38 of 2nd period - Stopped by Ukko-Pekka Luukkonen without a rebound.
2:39 of 2nd period - Nic Dowd wins face-off versus Carl Soderberg in VICTORIA GLADIATORS zone.
2:50 of 2nd period - Ryan Carpenter is hit by Alex Iafallo and loses puck.
3:30 of 2nd period - Off-side.
3:31 of 2nd period - Zack Smith wins face-off versus Logan Brown in neutral zone.
3:52 of 2nd period - Shot by Zack Smith.
3:52 of 2nd period - Stopped by Eric Comrie with a rebound.
3:55 of 2nd period - Icing by Brenden Dillon.
3:56 of 2nd period - Lars Eller wins face-off versus Logan Brown in NORTH DAKOTA HAWKS zone.
4:11 of 2nd period - Shot by Lars Eller.
4:11 of 2nd period - Shot Misses the Net.
4:13 of 2nd period - Shot by Lars Eller.
4:13 of 2nd period - Shot Misses the Net.
4:31 of 2nd period - Shot by Nick Foligno.
4:31 of 2nd period - Stopped by Eric Comrie with a rebound.
4:33 of 2nd period - Shot by Nick Foligno.
4:33 of 2nd period - Stopped by Eric Comrie without a rebound.
4:34 of 2nd period - Frans Nielsen wins face-off versus Matthew Nieto in NORTH DAKOTA HAWKS zone.
5:42 of 2nd period - Off-side.
5:43 of 2nd period - Derek Grant wins face-off versus Carl Soderberg in neutral zone.
7:13 of 2nd period - Shot by Lars Eller.
7:13 of 2nd period - Deflect By Nick Foligno.
7:13 of 2nd period - Stopped by Eric Comrie without a rebound.
7:14 of 2nd period - Nic Dowd wins face-off versus Jason Spezza in NORTH DAKOTA HAWKS zone.
7:19 of 2nd period - Shot by Matthew Nieto.
7:19 of 2nd period - Shot Misses the Net.
7:21 of 2nd period - Shot by Dougie Hamilton.
7:21 of 2nd period - Shot Misses the Net.
7:23 of 2nd period - Shot by Nic Dowd.
7:23 of 2nd period - Shot Misses the Net.
9:13 of 2nd period - Shot by Corey Perry.
9:13 of 2nd period - Shot Misses the Net.
9:47 of 2nd period - Shot by Michael Raffl.
9:47 of 2nd period - Shot Misses the Net.
9:49 of 2nd period - Shot by Ryan Carpenter.
9:49 of 2nd period - Goal by Ryan Carpenter - NORTH DAKOTA HAWKS : 3 - VICTORIA GLADIATORS : 0.
9:50 of 2nd period - Frans Nielsen wins face-off versus Logan Brown in neutral zone.
9:57 of 2nd period - Shot by Frans Nielsen.
9:57 of 2nd period - Shot Misses the Net.
10:12 of 2nd period - Shot by Zack Smith.
10:12 of 2nd period - Shot Blocked by Marc Staal.
10:18 of 2nd period - Shot by Zack Smith.
10:18 of 2nd period - Stopped by Eric Comrie without a rebound.
10:19 of 2nd period - Derek Grant wins face-off versus Nick Foligno in NORTH DAKOTA HAWKS zone.
10:30 of 2nd period - Shot by Nick Foligno.
10:30 of 2nd period - Deflect By Colin Wilson.
10:30 of 2nd period - Stopped by Eric Comrie without a rebound.
10:31 of 2nd period - Matthew Nieto wins face-off versus Nick Foligno in NORTH DAKOTA HAWKS zone.
10:31 of 2nd period - Matthew Nieto is hit by Nick Foligno.
10:36 of 2nd period - Phil Varone is hit by Dion Phaneuf and loses puck.
11:03 of 2nd period - Shot by Nick Foligno.
11:03 of 2nd period - Shot Misses the Net.
12:08 of 2nd period - Shot by Alex Iafallo.
12:08 of 2nd period - Shot Misses the Net.
12:14 of 2nd period - Shot by Carl Soderberg.
12:14 of 2nd period - Deflect By Alex Iafallo.
12:14 of 2nd period - Stopped by Eric Comrie without a rebound.
12:15 of 2nd period - Logan Brown wins face-off versus Jason Spezza in NORTH DAKOTA HAWKS zone.
12:21 of 2nd period - Corey Perry is hit by Dion Phaneuf.
12:42 of 2nd period - Shot by Riley Sheahan.
12:42 of 2nd period - Deflect By Jason Spezza.
12:42 of 2nd period - Shot Misses the Net.
13:07 of 2nd period - Off-side.
13:08 of 2nd period - Frans Nielsen wins face-off versus Lukas Radil in neutral zone.
13:13 of 2nd period - Shot by Zack Smith.
13:13 of 2nd period - Stopped by Eric Comrie with a rebound.
13:25 of 2nd period - Lukas Radil is hit by Zack Smith and loses puck.
13:54 of 2nd period - Ryan Carpenter is hit by Patrick Maroon.
15:04 of 2nd period - Off-side.
15:05 of 2nd period - Logan Brown wins face-off versus Lars Eller in neutral zone.
15:57 of 2nd period - Riley Sheahan is hit by Logan Brown and loses puck.
16:41 of 2nd period - Icing by Carl Soderberg.
16:42 of 2nd period - Carl Soderberg wins face-off versus Nic Dowd in VICTORIA GLADIATORS zone.
16:51 of 2nd period - Mikkel Boedker is hit by Nic Dowd and loses puck.
17:00 of 2nd period - Shot by Ryan Carpenter.
17:00 of 2nd period - Shot Misses the Net.
17:02 of 2nd period - Shot by Matthew Nieto.
17:02 of 2nd period - Shot Blocked by Carl Soderberg.
17:04 of 2nd period - Shot by Ryan Carpenter.
17:04 of 2nd period - Stopped by Ukko-Pekka Luukkonen with a rebound.
17:06 of 2nd period - Shot by Nic Dowd.
17:06 of 2nd period - Shot Blocked by Alex Iafallo.
17:08 of 2nd period - Shot by Ryan Carpenter.
17:08 of 2nd period - Deflect By Matthew Nieto.
17:08 of 2nd period - Shot Misses the Net.
17:10 of 2nd period - Shot by Johnny Boychuk.
17:10 of 2nd period - Stopped by Ukko-Pekka Luukkonen without a rebound.
17:11 of 2nd period - Frans Nielsen wins face-off versus Logan Brown in VICTORIA GLADIATORS zone.
17:18 of 2nd period - Shot by Corey Perry.
17:18 of 2nd period - Deflect By Alexandre Fortin.
17:18 of 2nd period - Shot Blocked by Frans Nielsen.
17:28 of 2nd period - Shot by Corey Perry.
17:28 of 2nd period - Stopped by Ukko-Pekka Luukkonen without a rebound.
17:29 of 2nd period - Lars Eller wins face-off versus Michael Raffl in VICTORIA GLADIATORS zone.
17:29 of 2nd period - Lars Eller is hit by Derek Grant.
18:02 of 2nd period - Shot by Nick Foligno.
18:02 of 2nd period - Deflect By Lars Eller.
18:02 of 2nd period - Shot Misses the Net.
18:04 of 2nd period - Shot by Lars Eller.
18:04 of 2nd period - Goal by Lars Eller - NORTH DAKOTA HAWKS : 3 - VICTORIA GLADIATORS : 1.
18:05 of 2nd period - Carl Soderberg wins face-off versus Matthew Nieto in neutral zone.
18:10 of 2nd period - Shot by Lukas Radil.
18:10 of 2nd period - Goal by Lukas Radil - NORTH DAKOTA HAWKS : 4 - VICTORIA GLADIATORS : 1.
18:10 of 2nd period - Jack Campbell enters game.
18:11 of 2nd period - Logan Brown wins face-off versus Carl Soderberg in neutral zone.
18:33 of 2nd period - Shot by Alex Iafallo.
18:33 of 2nd period - Shot Misses the Net.
18:39 of 2nd period - Shot by Mikkel Boedker.
18:39 of 2nd period - Shot Misses the Net.
18:41 of 2nd period - Shot by Alex Iafallo.
18:41 of 2nd period - Goal by Alex Iafallo - NORTH DAKOTA HAWKS : 4 - VICTORIA GLADIATORS : 2.
18:42 of 2nd period - Frans Nielsen wins face-off versus Matthew Nieto in neutral zone.
18:49 of 2nd period - Shot by Zack Smith.
18:49 of 2nd period - Stopped by Eric Comrie with a rebound.
19:07 of 2nd period - Shot by Frans Nielsen.
19:07 of 2nd period - Stopped by Eric Comrie with a rebound.
19:10 of 2nd period - Minor Penalty to Zack Smith for Roughing.
19:11 of 2nd period - Logan Brown wins face-off versus Frans Nielsen in VICTORIA GLADIATORS zone.
Goals for this period are 3 for NORTH DAKOTA HAWKS vs 2 for VICTORIA GLADIATORS.
Shots for this period are 11 for NORTH DAKOTA HAWKS vs 12 for VICTORIA GLADIATORS.

3rd period


0:01 of 3rd period - Frans Nielsen wins face-off versus Nic Dowd in neutral zone.
0:24 of 3rd period - Shot by Dougie Hamilton.
0:24 of 3rd period - Stopped by Jack Campbell with a rebound.
0:33 of 3rd period - Shot by Matthew Nieto.
0:33 of 3rd period - Shot Misses the Net.
0:35 of 3rd period - Shot by Matthew Nieto.
0:35 of 3rd period - Shot Misses the Net.
0:37 of 3rd period - Shot by Lukas Radil.
0:37 of 3rd period - Stopped by Jack Campbell without a rebound.
0:38 of 3rd period - Patrick Maroon wins face-off versus Logan Brown in VICTORIA GLADIATORS zone.
1:04 of 3rd period - Lars Eller is hit by Logan Brown and loses puck.
1:14 of 3rd period - Ryan Carpenter is hit by Dion Phaneuf and loses puck.
1:18 of 3rd period - Ryan Carpenter is hit by Dion Phaneuf and loses puck.
1:40 of 3rd period - Shot by Ryan Carpenter.
1:40 of 3rd period - Shot Blocked by Torey Krug.
1:52 of 3rd period - Shot by Corey Perry.
1:52 of 3rd period - Deflect By Alexandre Fortin.
1:52 of 3rd period - Stopped by Jack Campbell without a rebound.
1:53 of 3rd period - Carl Soderberg wins face-off versus Derek Grant in VICTORIA GLADIATORS zone.
2:13 of 3rd period - Icing by Johnny Boychuk.
2:14 of 3rd period - Frans Nielsen wins face-off versus Derek Grant in NORTH DAKOTA HAWKS zone.
2:15 of 3rd period - Shot by Zack Smith.
2:15 of 3rd period - Shot Misses the Net.
2:20 of 3rd period - Icing by Derek Grant.
2:21 of 3rd period - Frans Nielsen wins face-off versus Derek Grant in NORTH DAKOTA HAWKS zone.
2:34 of 3rd period - Shot by Derek Grant.
2:34 of 3rd period - Shot Misses the Net.
3:14 of 3rd period - Off-side.
3:15 of 3rd period - Matthew Nieto wins face-off versus Carl Soderberg in neutral zone.
3:39 of 3rd period - Icing by Marc Methot.
3:40 of 3rd period - Lars Eller wins face-off versus Phil Varone in NORTH DAKOTA HAWKS zone.
4:17 of 3rd period - Shot by Lars Eller.
4:17 of 3rd period - Shot Blocked by Marc Methot.
4:19 of 3rd period - Shot by Lars Eller.
4:19 of 3rd period - Stopped by Eric Comrie without a rebound.
4:20 of 3rd period - Carl Soderberg wins face-off versus Derek Grant in NORTH DAKOTA HAWKS zone.
4:39 of 3rd period - Shot by Carl Soderberg.
4:39 of 3rd period - Deflect By Mikkel Boedker.
4:39 of 3rd period - Stopped by Eric Comrie with a rebound.
4:56 of 3rd period - Icing by Marc Staal.
4:57 of 3rd period - Frans Nielsen wins face-off versus Michael Raffl in NORTH DAKOTA HAWKS zone.
5:16 of 3rd period - Off-side.
5:17 of 3rd period - Logan Brown wins face-off versus Lars Eller in neutral zone.
5:17 of 3rd period - Logan Brown is hit by Nick Foligno.
5:32 of 3rd period - Off-side.
5:33 of 3rd period - Carl Soderberg wins face-off versus Matthew Nieto in neutral zone.
6:01 of 3rd period - Off-side.
6:02 of 3rd period - Frans Nielsen wins face-off versus Logan Brown in neutral zone.
6:12 of 3rd period - Zack Smith is hit by Brenden Dillon and loses puck.
6:27 of 3rd period - Shot by Zack Smith.
6:27 of 3rd period - Stopped by Eric Comrie without a rebound.
6:28 of 3rd period - Mikkel Boedker wins face-off versus Nic Dowd in NORTH DAKOTA HAWKS zone.
6:29 of 3rd period - Shot by Carl Soderberg.
6:29 of 3rd period - Goal by Carl Soderberg - NORTH DAKOTA HAWKS : 4 - VICTORIA GLADIATORS : 3.
6:30 of 3rd period - Nic Dowd wins face-off versus Carl Soderberg in neutral zone.
6:47 of 3rd period - Shot by Mikkel Boedker.
6:47 of 3rd period - Shot Misses the Net.
7:09 of 3rd period - Shot by Torey Krug.
7:09 of 3rd period - Shot Misses the Net.
7:11 of 3rd period - Shot by Torey Krug.
7:11 of 3rd period - Stopped by Eric Comrie without a rebound.
7:12 of 3rd period - Frans Nielsen wins face-off versus Logan Brown in NORTH DAKOTA HAWKS zone.
8:16 of 3rd period - Shot by Lukas Radil.
8:16 of 3rd period - Shot Blocked by Zach Trotman.
8:18 of 3rd period - Shot by Matthew Nieto.
8:18 of 3rd period - Stopped by Jack Campbell without a rebound.
8:19 of 3rd period - Carl Soderberg wins face-off versus Derek Grant in VICTORIA GLADIATORS zone.
8:24 of 3rd period - Shot by Mikkel Boedker.
8:24 of 3rd period - Shot Blocked by Marc Staal.
8:24 of 3rd period - Marc Staal from NORTH DAKOTA HAWKS is injured at 8:24 of 3rd period (Lower Body).
8:25 of 3rd period - Derek Grant wins face-off versus Carl Soderberg in NORTH DAKOTA HAWKS zone.
8:25 of 3rd period - Derek Grant is hit by Carl Soderberg.
9:07 of 3rd period - Icing by Dion Phaneuf.
9:08 of 3rd period - Carl Soderberg wins face-off versus Matthew Nieto in VICTORIA GLADIATORS zone.
9:31 of 3rd period - Shot by Lars Eller.
9:31 of 3rd period - Stopped by Eric Comrie with a rebound.
9:33 of 3rd period - Shot by Nick Foligno.
9:33 of 3rd period - Stopped by Eric Comrie without a rebound.
9:34 of 3rd period - Frans Nielsen wins face-off versus Logan Brown in NORTH DAKOTA HAWKS zone.
9:34 of 3rd period - Frans Nielsen is hit by Johnny Boychuk.
10:00 of 3rd period - Shot by Corey Perry.
10:00 of 3rd period - Shot Misses the Net.
10:02 of 3rd period - Shot by Corey Perry.
10:02 of 3rd period - Shot Blocked by Zack Smith.
10:58 of 3rd period - Icing by Nick Foligno.
10:59 of 3rd period - Lars Eller wins face-off versus Matthew Nieto in VICTORIA GLADIATORS zone.
11:38 of 3rd period - Shot by Carl Soderberg.
11:38 of 3rd period - Deflect By Alex Iafallo.
11:38 of 3rd period - Stopped by Eric Comrie without a rebound.
11:39 of 3rd period - Ryan Carpenter wins face-off versus Zack Smith in NORTH DAKOTA HAWKS zone.
11:47 of 3rd period - Shot by Ryan Carpenter.
11:47 of 3rd period - Stopped by Jack Campbell without a rebound.
11:48 of 3rd period - Derek Grant wins face-off versus Zack Smith in VICTORIA GLADIATORS zone.
11:48 of 3rd period - Derek Grant is hit by Matt Bartkowski.
11:50 of 3rd period - Shot by Ryan Carpenter.
11:50 of 3rd period - Shot Blocked by Matt Bartkowski.
12:01 of 3rd period - Off-side.
12:02 of 3rd period - Carl Soderberg wins face-off versus Corey Perry in neutral zone.
12:02 of 3rd period - Carl Soderberg is hit by Logan Brown.
12:32 of 3rd period - Carl Soderberg is hit by Brenden Dillon and loses puck.
12:45 of 3rd period - Shot by Carl Soderberg.
12:45 of 3rd period - Stopped by Eric Comrie with a rebound.
13:22 of 3rd period - Shot by Frans Nielsen.
13:22 of 3rd period - Shot Blocked by Johnny Boychuk.
13:28 of 3rd period - Shot by Frans Nielsen.
13:28 of 3rd period - Shot Blocked by Johnny Boychuk.
13:30 of 3rd period - Shot by Zack Smith.
13:30 of 3rd period - Shot Misses the Net.
13:59 of 3rd period - Minor Penalty to Brenden Dillon for Hooking.
14:00 of 3rd period - Derek Grant wins face-off versus Carl Soderberg in NORTH DAKOTA HAWKS zone.
14:20 of 3rd period - Shot by Carl Soderberg.
14:20 of 3rd period - Shot Blocked by Dougie Hamilton.
14:34 of 3rd period - Shot by Nic Dowd.
14:34 of 3rd period - Shot Misses the Net.
16:14 of 3rd period - Riley Sheahan is hit by Nic Dowd.
16:15 of 3rd period - Icing by Riley Sheahan.
16:16 of 3rd period - Jason Spezza wins face-off versus Matthew Nieto in VICTORIA GLADIATORS zone.
16:35 of 3rd period - Shot by Jason Spezza.
16:35 of 3rd period - Stopped by Eric Comrie with a rebound.
16:37 of 3rd period - Shot by Marcus Foligno.
16:37 of 3rd period - Stopped by Eric Comrie without a rebound.
16:38 of 3rd period - Nic Dowd wins face-off versus Lars Eller in NORTH DAKOTA HAWKS zone.
16:49 of 3rd period - Shot by Nic Dowd.
16:49 of 3rd period - Goal by Nic Dowd - NORTH DAKOTA HAWKS : 5 - VICTORIA GLADIATORS : 3.
16:50 of 3rd period - Nic Dowd wins face-off versus Frans Nielsen in neutral zone.
16:55 of 3rd period - Shot by Ryan Carpenter.
16:55 of 3rd period - Shot Misses the Net.
16:57 of 3rd period - Shot by Matthew Nieto.
16:57 of 3rd period - Stopped by Jack Campbell with a rebound.
16:59 of 3rd period - Shot by Nic Dowd.
16:59 of 3rd period - Stopped by Jack Campbell without a rebound.
17:00 of 3rd period - Lars Eller wins face-off versus Matthew Nieto in VICTORIA GLADIATORS zone.
17:39 of 3rd period - Minor Penalty to Matt Bartkowski for Tripping.
17:40 of 3rd period - Logan Brown wins face-off versus Frans Nielsen in VICTORIA GLADIATORS zone.
19:55 of 3rd period - Ryan Carpenter is hit by Ryan Stanton and loses puck.
Goals for this period are 1 for NORTH DAKOTA HAWKS vs 1 for VICTORIA GLADIATORS.
Shots for this period are 8 for NORTH DAKOTA HAWKS vs 11 for VICTORIA GLADIATORS.


SEBASTIAN
AHO
MARK
SCHEIFELE
JAKE
OETTINGER

EAST COAST

HOCKEY LEAGUE

  • 17.QUE3CHI2
  • 18.CHA2LIM4
  • 19.TRV3LON2
  • 20.CHW1BAL2
  • 21.PITMAN
  • 22.ATLNHW
  • 23.WORPET
  • 24.RHI